 Dungeon Crawl Stone Soup version 0.19.1 (webtiles) character file.

18426 Chiseanne the Fighter (level 12, 4/108 HPs)
             Began as a Mummy Wanderer on Dec 11, 2016.
             Was an Initiate of Gozag.
             Quit the game on level 4 of the Lair of Beasts.
             The game lasted 00:59:04 (22871 turns).

Chiseanne the Fighter (Mummy Wanderer)             Turns: 22871, Time: 00:59:05

Health: 4/108      AC: 13    Str: 14    XL:     12   Next: 27%
Magic:  20/20      EV:  9    Int: 13    God:    Gozag
Gold:   496        SH:  0    Dex: 18    Spells: 0 memorised, 11 levels left

rFire  x . .     SeeInvis +     a - +11 short sword of Puhiorgho {flame, rPois}
rCold  + . .     Gourm    .     c - +3 scale mail {rPois}
rNeg   + + +     Faith    .     (no shield)
rPois  ∞         Spirit   .     A - +1 hat
rElec  .         Reflect  .     (no cloak)
rCorr  .         Harm     .     g - +1 pair of gloves
MR     +....                    i - +0 pair of boots
Stlth  +.........               (no amulet)
                                x - ring of see invisible
                                E - +2 ring of dexterity

@: no status effects
A: no food or potions, fire vulnerability, cold resistance 1, negative energy
resistance 3, torment resistance, unbreathing
a: Potion Petition, Call Merchant, Bribe Branch, Renounce Religion


You were on level 4 of the Lair of Beasts.
You worshipped Gozag.
Gozag was aware of your devotion.
You were not hungry.

You visited 3 branches of the dungeon, and saw 15 of its levels.

You collected 2986 gold pieces.
You spent 947 gold pieces at shops.
You paid 1543 gold pieces to Gozag.

Inventory:

Hand Weapons
 a - the +11 short sword of Puhiorgho (weapon) {flame, rPois}
   (You bought it in a shop on level 6 of the Dungeon)

   It has been specially enchanted to burn those struck by it, causing extra
   injury to most foes and up to half again as much damage against particularly
   susceptible opponents.
   It protects you from poison.
 s - the +6 rapier of Onnirur {chaos, rPois MR+ Int+2}
   (You bought it in a shop on level 6 of the Dungeon)

   Each time it hits an enemy it has a different, random effect.
   It affects your intelligence (+2).
   It protects you from poison.
   It affects your resistance to hostile enchantments.
 w - a +1 blowgun
 y - the +7 rapier of the Scorpion {flame, *Rage rF+ Int+3 Dex+4}
   (You found it on level 9 of the Dungeon)

   It has been specially enchanted to burn those struck by it, causing extra
   injury to most foes and up to half again as much damage against particularly
   susceptible opponents.
   It affects your intelligence (+3).
   It affects your dexterity (+4).
   It protects you from fire.
   It may make you go berserk in combat.
Missiles
 f - 392 stones (quivered)
 h - 61 sling bullets
 j - 57 poisoned needles
 l - 5 needles of paralysis
 m - 5 needles of sleeping
 o - 41 bolts
 r - 12 tomahawks
 D - 253 arrows
Armour
 c - a +3 scale mail of poison resistance (worn)
 g - a +1 pair of gloves (worn)
 i - a +0 pair of boots (worn)
 A - a +1 hat (worn)
Rods
 d - a +0 rod of ignition (12/12)
   (You took it off a merfolk on level 2 of the Lair of Beasts)
Jewellery
 k - an uncursed ring of protection from cold
 x - a ring of see invisible (right hand)
 E - a +2 ring of dexterity (left hand)
Wands
 b - a wand of paralysis (1/24)
 e - a wand of random effects (12/48)
 n - a wand of lightning (0/15)
 t - a wand of digging (16/24)
 v - a wand of acid (0/15)
 C - a wand of flame (25/48)
Scrolls
 p - 2 scrolls of remove curse
 q - a scroll of amnesia
 B - 7 scrolls of identify
 F - a scroll of magic mapping
Books
 z - a book of Conjurations

   Spells                             Type                      Level
   a - Magic Dart                     Conjuration                  1
   b - Searing Ray                    Conjuration                  2
   c - Dazzling Spray                 Conjuration/Hexes            3
   d - Fulminant Prism                Conjuration/Hexes            4
   e - Iskenderun's Mystic Blast      Conjuration                  4
   f - Iskenderun's Battlesphere      Conjuration/Charms           5


   Skills:
 * Level 14.5 Fighting
 - Level 1.0 Dodging
 - Level 1.0 Stealth
   Level 1.0 Shields
 - Level 1.7 Unarmed Combat
   Level 1.5 Fire Magic
   Level 1.0 Earth Magic
 * Level 11.4 Evocations


You had 11 spell levels left.
You didn't know any spells.

Dungeon Overview and Level Annotations

Branches:
Dungeon (10/15)            Temple (1/1) D:6            Lair (4/6) D:9
 Shoals (0/4) Lair:2        Snake (0/4) Lair:2
    Orc: D:9-12

Altars:
Ashenzari
Cheibriados
Dithmenos
Elyvilon
Fedhas
Gozag
Hepliaklqana
Kikubaaqudgha
Makhleb
Nemelex Xobeh
Okawaru
Qazlal
Ru
Sif Muna
Trog
Uskayaw
Xom
Yredelemnul
Zin
The Shining One

Shops:
D:6 [(([   D:9 }

Annotations:
D:3 Crazy Yiuf; balthal's ghost, amateur OgAM
D:4 Dowan; Duvessa; markt42's ghost, amateur DECj
D:8 exclusion: door
D:9 exclusion: downstairs
D:10 Harold; Sonja
Lair:3 Nergalle


Innate Abilities, Weirdness & Mutations

You do not eat or drink.
Your flesh is vulnerable to fire.
You are immune to poison.
Your flesh is cold resistant. (rC+)
You are immune to negative energy. (rN+++)
You are immune to unholy pain and torment.
You can survive without breathing.


Message History

A rime drake comes into view.
The rime drake hisses angrily.
The rime drake breathes ice at you. The flash freeze hits you!
You partially resist.
You are encased in ice.
The basilisk gazes at you. You resist with almost no effort.
The basilisk gazes at you. You resist with almost no effort.
The wyvern bites you!
* * * LOW HITPOINT WARNING * * *
The basilisk gazes at you. You resist with almost no effort.
The wyvern bites you!
* * * LOW HITPOINT WARNING * * *
The wyvern bites you but does no damage.
The ice encasing you melts away. The wyvern barely misses you.
The rime drake bites you.
* * * LOW HITPOINT WARNING * * *
The wyvern bites you!
* * * LOW HITPOINT WARNING * * *
Are you sure you want to abandon this character and quit the game? (Confirm with "yes".)

..............#......##
>.....................##
........................#
.........................#
.........................#
.........................#
........................#.
.........................
......P.........@<.......
...............l#k......
#.#..P..#...............
..#.....##......%.......
..........H.............
..............P.........
.##P......l.........l...
######........#......... #
#..#.##..#.......


You could see a hippogriff, 2 basilisks, a rime drake and a wyvern.

Vanquished Creatures
  Gastronok (Lair:3)
  A hill giant (D:10)
  A centaur zombie (D:9)
  A black mamba (Lair:1)
  5 spiny frogs
  A torpor snail (Lair:4)
  A komodo dragon (Lair:3)
  2 rime drakes
  4 merfolk (Lair:2)
  8 hippogriffs
  A shadow (D:8)
  4 fire bats (D:8)
  4 hogs (D:8)
  A human (D:8)
  2 hungry ghosts
  7 yaks
  9 porcupines
  10 water moccasins
  A hell hound (D:8)
  2 ice beasts
  4 orc warriors
  An eye of draining (D:9)
  5 phantoms
  A necrophage (D:9)
  4 ogres
  6 centaurs
  4 crocodiles
  A big kobold (D:10)
  A gnoll sergeant (D:8)
  2 wyvern zombies
  14 bullfrogs
  A water moccasin zombie (D:7)
  11 scorpions
  4 killer bees
  6 wights
  2 howler monkeys
  4 crimson imps
  4 hounds
  5 jellies
  6 orc priests
  2 bullfrog zombies
  2 centaur skeletons
  A gnoll shaman (D:9)
  6 orc wizards
  5 iguanas
  6 worker ants
  A hound zombie (D:9)
  A howler monkey zombie (D:5)
  2 worker ant zombies
  17 gnolls
  12 adders
  A river rat (D:9)
  A shadow imp (D:5)
  An ooze (D:2)
  2 adder skeletons
  4 worms
  A dart slug (D:1)
  2 leopard geckos
  27 orcs
  19 bats
  3 giant cockroaches
  6 goblins
  12 hobgoblins
  6 jackals
  5 quokkas
  3 frilled lizards
  14 kobolds
  9 rats
  A fungus (D:9)
  2 plants (D:9)
326 creatures vanquished.

Vanquished Creatures (collateral kills)
  A komodo dragon (Lair:2)
1 creature vanquished.

Vanquished Creatures (others)
  A worm (D:3)
  A dart slug (D:3)
  3 fire vortices (D:8)
  40 fungi
  16 plants
61 creatures vanquished.

Grand Total: 388 creatures vanquished

Notes
Turn   | Place    | Note
-------+----------+-------------------------------------------
     0 | D:1      | Chiseanne the Mummy Wanderer began the quest for the Orb.
     0 | D:1      | Chiseanne set off with: 2 scrolls of fear, the Handbook of Calling, a scroll of teleportation, a +0 robe, a +0 club
     0 | D:1      | Reached XP level 1. HP: 15/15 MP: 1/1
     0 | D:1      | Identified the Handbook of Calling
   480 | D:1      | Reached XP level 2. HP: 18/22 MP: 2/2
   591 | D:1      | Reached skill level 2 in Fighting
  1492 | D:2      | Reached XP level 3. HP: 26/28 MP: 3/3
  1651 | D:2      | Reached skill level 3 in Fighting
  1979 | D:2      | Found a blossoming altar of Fedhas.
  2708 | D:3      | Reached XP level 4. HP: 28/37 MP: 4/4
  2816 | D:3      | Noticed balthal's ghost (amateur OgAM)
  2922 | D:4      | Reached skill level 4 in Fighting
  3185 | D:4      | Noticed markt42's ghost (amateur DECj)
  4678 | D:2      | Reached XP level 5. HP: 38/43 MP: 5/5
  4952 | D:3      | Reached skill level 5 in Fighting
  5559 | D:3      | Found a basalt altar of Yredelemnul.
  5567 | D:3      | Found a glowing golden altar of the Shining One.
  5763 | D:3      | Found a runed door.
  6195 | D:3      | Noticed an angel
  6257 | D:3      | Noticed Crazy Yiuf
  6667 | D:4      | Noticed Dowan
  6668 | D:4      | Noticed Duvessa
  6714 | D:5      | Entered Level 5 of the Dungeon
  6722 | D:5      | Noticed an ice beast
  6732 | D:5      | Killed an ice beast
  6732 | D:5      | Reached skill level 6 in Fighting
  6732 | D:5      | Reached XP level 6. HP: 52/52 MP: 6/6
  6779 | D:5      | Paralysed by a crimson imp for 4 turns
  7414 | D:5      | Reached XP level 7. HP: 51/59 MP: 8/8
  7434 | D:5      | Reached skill level 7 in Fighting
  9023 | D:6      | Found Aheuguw's Antique Weapon Shop.
  9048 | D:6      | Found Evyjut's Armour Boutique.
  9097 | D:6      | Found Pyeclew's Antique Weapon Shoppe.
  9173 | D:6      | Found a staircase to the Ecumenical Temple.
  9189 | Temple   | Entered the Ecumenical Temple
  9237 | Temple   | Became a worshipper of Gozag Ym Sagoz the Greedy
  9281 | D:6      | Found Lueqeuxt's Antique Armour Shop.
  9305 | D:6      | Reached skill level 8 in Fighting
  9673 | D:6      | Reached XP level 8. HP: 68/68 MP: 10/10
 10371 | D:7      | Identified a scroll of acquirement
 10416 | D:6      | Bought an ivory rapier for 279 gold pieces
 10417 | D:6      | Identified the +6 rapier of Onnirur {chaos, rPois MR+ Int+2} (You bought it in a shop on level 6 of the Dungeon)
 10443 | D:6      | Bought a +3 scale mail of poison resistance for 299 gold pieces
 10511 | D:6      | Bought a pair of boots for 121 gold pieces
 10715 | D:7      | Reached skill level 9 in Fighting
 10715 | D:7      | Reached skill level 5 in Evocations
 10837 | D:7      | Found a shimmering altar of Xom.
 11468 | D:7      | Reached XP level 9. HP: 72/77 MP: 13/13
 11715 | D:7      | Found a burning altar of Makhleb.
 11779 | D:6      | Bought a smoking short sword for 248 gold pieces
 11781 | D:6      | Identified the +11 short sword of Puhiorgho {flame, rPois} (You bought it in a shop on level 6 of the Dungeon)
 12566 | D:8      | Reached skill level 10 in Fighting
 13709 | D:8      | Reached skill level 11 in Fighting
 13763 | D:8      | Reached XP level 10. HP: 29/87 MP: 15/15
 14685 | D:9      | Found a staircase to the Lair.
 15227 | D:9      | Found a shattered altar of Ashenzari.
 15914 | D:9      | Got a dazzling rapier
 15915 | D:9      | Identified the +7 rapier of the Scorpion {flame, *Rage rF+ Int+3 Dex+4} (You found it on level 9 of the Dungeon)
 15996 | D:9      | Reached skill level 12 in Fighting
 16532 | D:9      | Found a glowing silver altar of Zin.
 16532 | D:9      | Found a bloodstained altar of Trog.
 16876 | D:10     | Entered Level 10 of the Dungeon
 16876 | D:10     | Noticed Sonja
 16876 | D:10     | Noticed Harold
 17399 | D:10     | Noticed a hill giant
 17419 | D:10     | Killed a hill giant
 17419 | D:10     | Reached XP level 11. HP: 96/96 MP: 18/18
 17815 | Lair:1   | Entered Level 1 of the Lair of Beasts
 18441 | Lair:1   | Reached skill level 13 in Fighting
 18819 | Lair:1   | Reached skill level 10 in Evocations
 19717 | Lair:2   | Found a staircase to the Shoals.
 19736 | Lair:2   | Got a shimmering spear
 19915 | Lair:2   | Identified the +7 spear of Gallantry {holy, rF- rC- rN+ Str+7} (You found it on level 2 of the Lair of Beasts)
 20295 | Lair:2   | Found a staircase to the Snake Pit.
 20734 | Lair:2   | Identified a -1 rod of ignition (10/10) (You took it off a merfolk on level 2 of the Lair of Beasts)
 21587 | Lair:3   | Noticed Gastronok
 21610 | Lair:3   | Killed Gastronok
 21610 | Lair:3   | Reached skill level 14 in Fighting
 21610 | Lair:3   | Reached XP level 12. HP: 34/107 MP: 20/20
 21610 | Lair:3   | HP: 5/107 [spiny frog (11)]
 22079 | Lair:3   | Noticed Nergalle
 22870 | Lair:4   | HP: 4/108 [wyvern (10)]
 22871 | Lair:4   | Quit the game

Skill      XL: |  1  2  3  4  5  6  7  8  9 10 11 |
---------------+----------------------------------+-----
Fighting       | 2 3 4 6 8 9 11 12 14 | 14.5
Evocations     | 2 3 5 7 9 11 | 11.4
Dodging        | |  1.0
Stealth        | |  1.0
Shields        | |  1.0
Unarmed Combat | |  1.7
Fire Magic     | |  1.5
Earth Magic    | |  1.0

Action                   |  1- 3 |  4- 6 |  7- 9 | 10-12 || total
-------------------------+-------+-------+-------+-------++-------
Melee: Club              |   212 |    82 |       |       ||   294
       Punch             |     1 |     1 |     2 |     9 ||    13
       Spear             |       |    95 |       |       ||    95
       Mace              |       |   109 |   196 |       ||   305
       Rapier            |       |       |   112 |     6 ||   118
       Short sword       |       |       |   103 |   567 ||   670
 Fire: Blowgun           |       |       |       |    14 ||    14
Throw: Stone             |       |     5 |    10 |     6 ||    21
Invok: Potion Petition   |       |       |       |     2 ||     2
       Call Merchant     |       |       |       |     1 ||     1
Evoke: Wand              |       |       |    19 |    54 ||    73
       Rod               |       |       |       |     5 ||     5
  Use: Scroll            |     2 |    12 |     8 |    10 ||    32
 Stab: Paralysed         |       |       |     8 |    43 ||    51
       Invisible         |       |       |       |     4 ||     4
       Distracted        |       |       |       |     2 ||     2
Armor: Ring mail         |   122 |   118 |    73 |       ||   313
       Scale mail        |       |       |   137 |   274 ||   411
Dodge: Dodged            |   155 |   189 |   214 |   304 ||   862
